Map: [ESL] Goldenaura

Players

Cyan - Winner!

  • Race: Protoss Protoss
  • Spawn Location: 5:00

Lemon

  • Race: Protoss Protoss
  • Spawn Location: 12:00

Event: ESL SC2 Masters 2024 Spring (Regional)

VOD

Have the link to the VOD?

Description

Time

  • Played on: April 25, 2024, 6:12 a.m.
  • Length: 10:22

All games in this series

Show
View Real Time Build Order
Export as new Build Order

Cyan Protoss - Winner!

Build Orders: Archon Immortal 

Get SALT Encoding   

  12  0:00  Probe  
  13  0:12  Probe  
  14  0:19  Pylon  
  14  0:24  Probe (Chrono Boost)  
  15  0:37  Probe (Chrono Boost)  
  15  0:39  Gateway  
  16  0:46  Probe (Chrono Boost)  
  16  0:47  Assimilator  
  17  0:52  Probe  
  17  0:55  Assimilator  
  18  1:04  Probe (Chrono Boost)  
  19  1:07  Gateway  
  19  1:13  Probe (Chrono Boost)  
  20  1:18  Probe (Chrono Boost)  
  21  1:27  Cybernetics Core  
  21  1:30  Probe  
  21  1:32  Pylon  
  22  1:42  Probe  
  23  1:54  Probe  
  23  2:00  Pylon  
  24  2:03  Warp Gate, Adept x2  
  24  2:06  Probe  
  29  2:17  Pylon  
  29  2:18  Probe  
  30  2:33  Stalker x2  
  34  2:49  Nexus  
  34  2:56  Shield Battery  
  34  3:03  Sentry  
  34  3:04  Sentry  
  34  3:05  Probe  
  37  3:11  Pylon  
  37  3:17  Probe  
  38  3:24  Stargate  
  38  3:29  Probe  
  38  3:41  Probe  
  39  3:51  Stalker, Adept  
  39  3:53  Probe  
  44  4:02  Probe  
  45  4:04  Oracle (Chrono Boost)  
  45  4:09  Probe (Chrono Boost)  
  49  4:14  Probe (Chrono Boost)  
  49  4:15  Pylon  
  50  4:21  Probe (Chrono Boost)  
  52  4:25  Probe (Chrono Boost)  
  52  4:28  Probe (Chrono Boost)  
  52  4:30  Robotics Facility, Probe (Chrono Boost)  
  53  4:32  Pylon  
  53  4:35  Probe  
  55  4:41  Probe  
  54  4:46  Phoenix  
  54  4:48  Probe  
  54  4:49  Adept  
  57  4:53  Probe  
  57  4:54  Adept  
  57  4:59  Shield Battery  
  60  5:00  Pylon, Probe  
  60  5:02  Assimilator  
  60  5:05  Probe  
  62  5:09  Gateway  
  62  5:10  Assimilator  
  64  5:19  Immortal (Chrono Boost)  
  64  5:23  Probe  
  64  5:24  Probe  
  68  5:35  Probe  
  69  5:36  Probe  
  66  5:44  Nexus  
  66  5:45  Pylon  
  66  5:47  Probe  
  66  5:48  Probe  
  68  5:51  Immortal (Chrono Boost)  
  72  5:59  Pylon, Probe  
  73  6:04  Probe  
  73  6:08  Twilight Council  
  73  6:10  Forge  
  74  6:13  Probe  
  74  6:17  Probe  
  76  6:21  Warp Prism (Chrono Boost)  
  78  6:27  Probe (Chrono Boost)  
  79  6:33  Protoss Ground Weapons Level 1 (Chrono Boost), Gateway  
  79  6:34  Probe (Chrono Boost), Gateway  
  79  6:39  Probe (Chrono Boost)  
  81  6:43  Charge (Chrono Boost)  
  81  6:45  Probe (Chrono Boost)  
  82  6:47  Observer  
  82  6:48  Probe (Chrono Boost)  
  82  6:50  Probe (Chrono Boost)  
  82  6:53  Probe  
  85  6:57  Probe  
  85  7:00  Probe  
  88  7:05  Probe  
  89  7:08  Templar Archives  
  89  7:09  Gateway x2  
  89  7:10  Assimilator x2  
  89  7:11  Pylon  
  89  7:18  Gateway  
  89  7:24  Gateway  
  89  7:40  Zealot x5, Immortal (Chrono Boost)  
  103  7:46  Pylon  
  103  7:49  Probe  
  105  7:58  Probe  
  105  8:03  Nexus  
  105  8:05  Pylon  
  105  8:08  Pylon  
  105  8:09  High Templar x3  
  105  8:10  High Templar  
  105  8:11  High Templar x2  
  117  8:13  Zealot x2  
  117  8:17  Archon x3  
  117  8:18  Immortal  
  125  8:21  Zealot  
  125  8:26  Probe x2  
  129  8:27  Photon Cannon  
  129  8:29  Shield Battery  
  129  8:36  Gateway  
  129  8:42  Zealot, High Templar x2  
  129  8:43  Zealot  
  129  8:47  Zealot x2, Archon  
  141  8:51  Zealot  
  139  9:07  Zealot x3, High Templar x2  
  149  9:12  Archon  
  149  9:13  Pylon  
  147  9:17  Pylon  
  137  9:24  Zealot x4  
  137  9:29  Zealot x2  
  109  9:39  Immortal  
  109  9:40  Zealot x4  
  109  9:45  Zealot x4  
  103  9:57  Zealot x2  
  105  10:00  Zealot x2  
  105  10:01  Zealot x2  
  107  10:12  Zealot x4  
Show
View Real Time Build Order
Export as new Build Order

Lemon Protoss 

Build Orders: Phoenix Opening 

Get SALT Encoding   

  12  0:00  Probe  
  13  0:12  Probe  
  14  0:17  Pylon  
  14  0:24  Probe (Chrono Boost)  
  15  0:36  Probe (Chrono Boost)  
  15  0:37  Gateway  
  16  0:44  Probe (Chrono Boost)  
  16  0:46  Assimilator  
  17  0:51  Probe  
  17  0:54  Assimilator  
  18  1:03  Probe (Chrono Boost)  
  19  1:08  Gateway  
  19  1:13  Probe (Chrono Boost)  
  19  1:18  Probe (Chrono Boost)  
  20  1:24  Cybernetics Core  
  21  1:29  Probe  
  22  1:34  Pylon  
  22  1:41  Probe  
  23  1:53  Probe  
  24  2:02  Stalker x2  
  24  2:03  Warp Gate  
  28  2:14  Pylon  
  28  2:32  Stalker x2  
  32  2:53  Nexus  
  32  3:02  Sentry x2  
  36  3:13  Robotics Facility  
  36  3:16  Probe  
  35  3:20  Shield Battery  
  35  3:28  Probe  
  36  3:37  Pylon  
  36  3:39  Phoenix  
  36  3:40  Probe (Chrono Boost)  
  31  3:51  Stalker x2, Probe (Chrono Boost)  
  36  3:56  Probe (Chrono Boost)  
  37  4:05  Immortal (Chrono Boost)  
  41  4:11  Probe  
  41  4:13  Probe  
  41  4:16  Sentry  
  45  4:23  Shield Battery  
  45  4:26  Stalker  
  45  4:30  Phoenix  
  47  4:38  Probe (Chrono Boost)  
  47  4:39  Probe (Chrono Boost)  
  46  4:47  Stalker  
  46  4:50  Probe (Chrono Boost)  
  46  4:51  Observer, Probe (Chrono Boost)  
  50  4:56  Probe (Chrono Boost)  
  50  4:57  Probe (Chrono Boost)  
  53  5:05  Probe x2  
  55  5:17  Probe x2  
  55  5:18  Nexus  
  57  5:21  Pylon  
  57  5:22  Twilight Council  
  57  5:29  Stalker, Probe  
  59  5:36  Probe  
  59  5:38  Immortal (Chrono Boost)  
  59  5:41  Probe  
  64  5:44  Pylon  
  64  5:49  Probe  
  65  5:53  Shield Battery  
  65  5:57  Pylon  
  65  5:58  Phoenix  
  65  6:04  Blink (Chrono Boost)  
  65  6:05  Probe  
  65  6:06  Probe  
  65  6:10  Forge  
  67  6:17  Probe  
  69  6:18  Probe  
  69  6:19  Assimilator  
  68  6:29  Probe (Chrono Boost)  
  68  6:30  Probe x2 (Chrono Boost)  
  71  6:39  Probe x3 (Chrono Boost)  
  74  6:44  Stalker x2, Probe x3 (Chrono Boost)  
  81  6:48  Protoss Ground Weapons Level 1 (Chrono Boost)  
  81  6:54  Observer  
  81  6:55  Probe  
  81  6:56  Probe  
  81  6:57  Probe  
  81  7:00  Gateway x2  
  84  7:03  Gateway  
  84  7:06  Gateway  
  84  7:07  Probe  
  85  7:08  Probe  
  85  7:09  Gateway  
  85  7:11  Probe, Gateway  
  88  7:22  Probe  
  88  7:23  Templar Archives  
  88  7:25  Zealot x2  
  88  7:26  Observer  
  92  7:41  Nexus  
  92  7:43  Pylon  
  92  7:44  Pylon  
  92  7:49  Pylon  
  92  7:50  Charge (Chrono Boost)  
  92  7:52  Pylon  
  92  7:54  Pylon  
  92  7:56  Pylon  
  92  7:58  Pylon  
  92  8:01  Photon Cannon  
  92  8:04  Zealot x5, Shield Battery  
  102  8:06  High Templar x2  
  102  8:09  Archon  
  102  8:10  Zealot  
  108  8:16  Probe x3  
  108  8:19  Assimilator  
  111  8:24  Zealot, Gateway  
  111  8:25  Zealot, Gateway  
  115  8:29  High Templar  
  115  8:33  High Templar  
  115  8:34  Zealot x2  
  123  8:36  Pylon  
  123  8:37  Archon, Probe  
  123  8:38  Probe x2  
  125  8:48  Zealot x4  
  133  8:55  Zealot x2  
  133  9:02  Probe x4  
  133  9:05  Stalker x2  
  133  9:09  Zealot  
  135  9:14  Zealot x2  
  139  9:20  Zealot x3  
  139  9:21  Zealot  
  134  9:26  Zealot  
  134  9:30  Zealot x3  
  116  9:34  Zealot  
  116  9:36  Zealot  
  90  9:40  Zealot  
  90  9:41  Zealot  
  90  9:43  Zealot  
  84  9:46  Zealot  
  84  9:49  Zealot  
  84  9:52  Zealot  
  80  9:54  Zealot  
  80  9:57  Zealot  
  80  9:58  Zealot  
  72  10:02  Zealot  
  72  10:03  Zealot  
  72  10:05  Zealot  
  70  10:07  Zealot  
  70  10:10  Zealot  
  70  10:12  Zealot  
  64  10:16  Zealot  
Tags
 
Add a new tag
Caveats
  • Supply blocks, unpowered buildings, or Contaminate may cause inaccurate times.
  • Supply counts are checked every 10 seconds.